 Dungeon Crawl Stone Soup version 0.28-a0-1213-g0243856f03 (webtiles) character file.

Game seed: 12594051313626449254

23 frimble the Grasshopper (level 2, 0/22 HPs)
             Began as a Demonspawn Warper on Dec 21, 2021.
             Slain by a gnoll (5 damage)
             ... on level 1 of the Dungeon.
             The game lasted 00:00:54 (1040 turns).

frimble the Grasshopper (Demonspawn Warper)         Turns: 1040, Time: 00:00:55

Health: 0/22       AC:  3    Str: 11    XL:     2   Next: 75%
Magic:  14/14      EV: 11    Int: 14    God:
Gold:   44         SH:  0    Dex: 12    Spells: 5/5 levels left

rFire   . . .      SeeInvis .   a - +1 falchion
rCold   . . .      Faith    .   (no shield)
rNeg    . . .      Spirit   .   b - +0 leather armour
rPois   .          Reflect  .   (no helmet)
rElec   .          Harm     .   (no cloak)
rCorr   .          Rampage  .   (no gloves)
Will    .....                   (no boots)
Stlth   +.........              (no amulet)
HPRegen 0.07/turn               e - ring of magical power
MPRegen 0.14/turn               (no ring)

@: no status effects
A: demonic touch 1
a: no special abilities


You were on level 1 of the Dungeon.
You visited 1 branch of the dungeon, and saw 1 of its levels.

You collected 44 gold pieces.

Inventory:

Hand Weapons
 a - a +1 falchion (weapon)
Missiles
 d - 2 boomerangs of dispersal (quivered)
Armour
 b - a +0 leather armour (worn)
 i - a +0 kite shield
Jewellery
 e - a ring of magical power (left hand)
Scrolls
 c - a scroll of blinking
 f - a scroll of identify {unknown}
 g - a scroll of torment {unknown}
Potions
 h - 2 potions of brilliance {unknown}


   Skills:
 - Level 2.1 Fighting
 + Level 2.7 Long Blades
 - Level 1.0 Throwing
 - Level 1.0 Armour
 - Level 1.8 Dodging
 - Level 2.0 Spellcasting
 - Level 2.7 Translocations


You had 5 spell levels left.
You didn't know any spells.
Your spell library contained the following spells:

 Spells                   Type           Power      Damage    Failure   Level
 Blink                    Tloc           18%        N/A       16%         2
 Gell's Gravitas          Tloc           9%         N/A       30%         3
 Lesser Beckoning         Tloc           9%         N/A       30%         3
 Teleport Other           Tloc           9%         N/A       30%         3
 Portal Projectile        Hex/Tloc       10%        N/A       47%         3
 Call Canine Familiar     Summ           1%         N/A       67%         3
 Manifold Assault         Tloc           9%         N/A       95%         5
 Leda's Liquefaction      Hex/Erth       0%         N/A       97%         4


Dungeon Overview and Level Annotations

Branches:
Dungeon (1/15)

Altars:


Innate Abilities, Weirdness & Mutations

Your touch may inflict minor irresistible damage on your foes.


Message History

There is an open door here.
You see here a +0 kite shield.
i - a +0 kite shield An endoplasm comes into view.
The endoplasm quivers.
An endoplasm is nearby!
An endoplasm is nearby!
An endoplasm is nearby!
A gnoll comes into view. It is wielding a +0 spear.
Found 16 gold pieces.
You slash the endoplasm!
You kill the endoplasm!
The gnoll hits you from afar with a +0 spear.
The gnoll hits you with a +0 spear.
You are too injured to fight recklessly!
You are too injured to fight recklessly!
You are too injured to fight recklessly!
You are too injured to fight recklessly!
You are too injured to fight recklessly!
You are too injured to fight recklessly!
You hit the gnoll.
The gnoll is lightly wounded.
The gnoll closely misses you.
You barely miss the gnoll.
The gnoll is lightly wounded.
The gnoll hits you with a +0 spear!
You hit the gnoll.
The gnoll is moderately wounded.
The gnoll barely misses you.
You hit the gnoll.
The gnoll is severely wounded.
The gnoll hits you with a +0 spear.
* * * LOW HITPOINT WARNING * * *
Throw: 3 boomerangs (disperse)
Press: ? - help, Q - select action Shift-Dir - straight line, f - gnoll
Aim: a gnoll, wielding a +0 spear (severely wounded, 61% to hit)
You throw a boomerang of dispersal.
The boomerang of dispersal closely misses the gnoll.
The gnoll hits you with a +0 spear.
You die...

.....#. ... ###.#.
##.#..+## ### ....#. ..#
. #..###.. #.... #.# .#
#...8... ##....## #.##.#
#.....#
...#....##.##.####.._.8#
.........##...##.....#
#$#.g#........#.......
#....@.#......# ###..
...$.........##.+###.###
.######.##.#............
#......#...###.#..
....#.####..##.....
##.##.# #......##.
#....# #......##. ######
#......### #......#


You could see a gnoll.

Vanquished Creatures
  2 dart slugs (D:1)
  4 endoplasms (D:1)
  4 hobgoblins (D:1)
  2 quokkas (D:1)
  2 ball pythons (D:1)
  A frilled lizard (D:1)
  A kobold (D:1)
  2 rats (D:1)
18 creatures vanquished.

Notes
Turn   | Place    | Note
-------+----------+-------------------------------------------
     0 | D:1      | frimble the Demonspawn Warper began the quest for the Orb.
     0 | D:1      | Reached XP level 1. HP: 16/16 MP: 3/3
    72 | D:1      | Reached skill level 1 in Armour
    73 | D:1      | Reached skill level 1 in Throwing
   421 | D:1      | Gained mutation: Your touch may inflict minor irresistible
                  | damage on your foes. [demonic ancestry]
   421 | D:1      | Reached XP level 2. HP: 8/22 MP: 5/5
   849 | D:1      | Found a faded altar of an unknown god.
  1040 | D:1      | Slain by a gnoll

Illustrated notes

Levels and vault maps discovered:
D:1:      kennysheep_arrival_seaside, layout_rooms,
          hellmonk_ecumenical_altar_slurped_away

Skill      XL: |  1 |
---------------+----+-----
Armour         | 1 |  1.0
Throwing       | 1 |  1.0
Long Blades    | 2 |  2.7
Fighting       | |  2.1
Dodging        | |  1.8
Spellcasting   | |  2.0
Translocations | |  2.7

Action                   || total
-------------------------++-------
Melee: Falchion          ||    51
       Touch             ||     4
Throw: Boomerang         ||     3
  Use: Scroll            ||     1
Armor: Leather armour    ||    12
Dodge: Dodged            ||    30

Table legend: (Time is in decaauts)
 A = Elapsed time spent in this place.
 B = Non-inter-level travel time spent in this place.
 C = Inter-level travel time spent in this place.
 D = Time resting spent in this place.
 E = Time spent auto-exploring this place.
 F = Levels seen in this place.
 G = Mean time per level.
                   A        B        C        D        E       F      G
               +--------+--------+--------+--------+--------+-----+--------+
         Total |   1049 |   1027 |     22 |      0 |    888 |   1 | 1049.0 |
       Dungeon |   1049 |   1027 |     22 |      0 |    888 |   1 | 1049.0 |
               +--------+--------+--------+--------+--------+-----+--------+

Top non-repeatable levels by time:
     D:1: 1049 daAuts
